Map: Newkirk Precinct TE (Void)

Players

CsipA - Winner!

  • Race: Terran Terran
  • League: Master
  • Spawn Location: 7:00

Railgan

  • Race: Terran Terran
  • League: Grandmaster
  • Spawn Location: 5:00

VOD

Have the link to the VOD?

Description

Time

  • Played on: March 4, 2017, 10:06 a.m.
  • Length: 3:12
Show
View Real Time Build Order
Export as new Build Order

CsipA Terran - Winner!

Build Orders: 1/1/1 

Get SALT Encoding   

  12  0:00  SCV  
  13  0:12  SCV  
  14  0:17  Supply Depot  
  14  0:24  SCV  
  15  0:30  Refinery  
  15  0:39  SCV  
  16  0:45  Barracks  
  16  0:51  SCV  
  16  0:55  Refinery  
  17  1:03  SCV  
  18  1:15  SCV  
  19  1:33  Reaper  
  19  1:34  Orbital Command  
  19  1:38  Factory  
  20  1:49  Supply Depot  
  20  1:59  SCV  
  21  2:05  Reaper  
  22  2:11  SCV  
  23  2:21  Starport  
  23  2:22  Hellion  
  25  2:23  SCV  
  26  2:31  Bunker  
  26  2:35  SCV  
  27  2:41  Marine  
  28  2:47  SCV  
Show
View Real Time Build Order
Export as new Build Order

Railgan Terran 

Build Orders:  

Get SALT Encoding   

  12  0:01  SCV  
  13  0:15  Supply Depot  
  13  0:18  SCV  
  14  0:38  Barracks  
  14  0:48  Barracks  
  14  0:56  Barracks  
  14  1:01  SCV  
  15  1:13  SCV  
  16  1:25  Orbital Command  
  16  1:26  Marine  
  17  1:35  Marine  
  18  1:43  Marine  
  19  1:49  Marine  
  19  1:53  Marine  
  21  2:01  Marine  
  21  2:07  Marine  
  23  2:11  Marine  
  24  2:19  Marine  
  25  2:25  Marine  
  25  2:29  Marine  
  27  2:37  Marine  
  27  2:44  Marine  
Tags
 
Add a new tag
Caveats
  • Supply blocks, unpowered buildings, or Contaminate may cause inaccurate times.
  • Supply counts are checked every 10 seconds.